 Dungeon Crawl Stone Soup version 0.31-a0-459-gc8a9bf3d51 (console) character file.

Game seed: 7534181729956900666

2914 Lexodia the Zephyrmancer (level 9, -4/47 HPs)
             Began as a Tengu Fire Elementalist on Aug 3, 2023.
             Was a Follower of Vehumet.
             Slain by a steam dragon (7 damage)
             ... while paralysed by a hornet
             ... on level 8 of the Dungeon on Aug 4, 2023.
             The game lasted 00:21:44 (7763 turns).

Lexodia the Zephyrmancer (Tengu Fire Elementalist)  Turns: 7763, Time: 00:21:44

Health: -4/47      AC:  3    Str:  8    XL:     9   Next: 78%
Magic:  8/16       EV:  2    Int: 21    God:    Vehumet [*.....]
Gold:   332        SH:  0    Dex: 14    Spells: 2/16 levels left

rFire   + + +        k - staff of fire
rCold   + . .        (no shield)
rNeg    . . .        r - +0 robe {rF+}
rPois   .            (helmet restricted)
rElec   .            o - +0 cloak
rCorr   .            (no gloves)
SInv    .            (boots unavailable)
Will    .....        (no amulet)
Stlth   ++           n - ring of protection from fire
HPRegen 0.27/turn    v - ring of protection from cold
MPRegen 0.15/turn

%: no passive effects
@: paralysed, lethally poisoned (-4 -> -18), flying quickly and evasively,
slowed, studying Axes, quick
A: beak, talons 3, nimble flight
a: Renounce Religion


You were on level 8 of the Dungeon.
You worshipped Vehumet.
Vehumet was aware of your devotion.
You visited 2 branches of the dungeon, and saw 9 of its levels.

You collected 332 gold pieces.

Inventory:

Hand Weapons
 j - a +0 mace
 p - a +3 quarterstaff of chaos
Missiles
 q - 12 poisoned darts
Armour
 a - a +0 robe
 o - a +0 cloak (worn)
 r - a +0 robe of fire resistance (worn)
 y - a +0 leather armour of poison resistance
Magical Staves
 b - a staff of cold
 k - a staff of fire (weapon)
Jewellery
 n - a ring of protection from fire (left hand)
 t - a ring of positive energy
 v - a ring of protection from cold (right hand)
Wands
 u - a wand of roots (13)
Scrolls
 c - a scroll of enchant weapon {unknown}
 f - 2 scrolls of blinking {unknown}
 g - 3 scrolls of amnesia
 l - 3 scrolls of fog {unknown}
 m - 2 scrolls of revelation {unknown}
 z - 2 scrolls of teleportation {unknown}
 B - 2 scrolls of silence {unknown}
 D - a scroll of immolation {unknown}
 E - 2 scrolls of enchant armour {unknown}
 F - a scroll of summoning {unknown}
 G - a scroll of noise {unknown}
Potions
 d - 5 potions of heal wounds
 e - a potion of curing {unknown}
 h - 5 potions of might
 i - 2 potions of brilliance
 s - 2 potions of cancellation
 w - a potion of degeneration {unknown}
 x - a potion of attraction {unknown}
 A - 2 potions of lignification
 C - a potion of invisibility {unknown}


   Skills:
 + Level 1.0 Fighting
 - Level 2.0 Staves
 - Level 2.1 Dodging
 - Level 2.0 Stealth
 + Level 4.1 Spellcasting
 + Level 8.2 Conjurations
 + Level 8.1 Fire Magic
 + Level 8.2 Air Magic
 - Level 5.0 Evocations


You had 2 spell levels left.
You knew the following spells:

 Your Spells              Type           Power      Damage    Failure   Level
a - Foxfire               Conj/Fire      100%       2x1d9     1%          1
b - Scorch                Fire           100%       2d9       1%          2
c - Volatile Blastmotes   Fire/Tloc      64%        2d15      7%          3
d - Flame Wave            Conj/Fire      55%        2d13      4%          4
e - Airstrike             Air            19%        2d(3-19)  4%          4

Your spell library contained the following spells:

 Spells                   Type           Power      Damage    Failure   Level
 Freeze                   Ice            16%        1d4       12%         1
 Shock                    Conj/Air       100%       1d9       1%          1
 Kiss of Death            Conj/Necr      84%        2d11      2%          1
 Cigotuvi's Dreadful Rot  Necr/Pois/Air  30%        N/A       6%          2
 Apportation              Tloc           8%         N/A       12%         1
 Necrotise                Necr           16%        1d4       12%         1
 Slow                     Hex            16%        N/A       12%         1
 Summon Small Mammal      Summ           16%        N/A       12%         1
 Swiftness                Air            38%        N/A       1%          3
 Dazzling Flash           Conj/Hex       42%        N/A       7%          3
 Inner Flame              Hex/Fire       32%        N/A       7%          3
 Summon Lightning Spire   Summ/Air       21%        N/A       22%         4
 Call Canine Familiar     Summ           4%         N/A       34%         3
 Confusing Touch          Hex            4%         N/A       34%         3
 Ozocubu's Armour         Ice            4%         N/A       34%         3
 Summon Guardian Golem    Hex/Summ       4%         N/A       34%         3
 Vampiric Draining        Necr           4%         2d6       34%         3
 Silence                  Hex/Air        10%        N/A       52%         5
 Starburst                Conj/Fire      27%        6d9       54%         6
 Animate Armour           Summ/Erth      8%         N/A       75%         4
 Dispel Undead            Necr           4%         3d7       75%         4
 Agony                    Necr           4%         N/A       97%         5
 Lee's Rapid Deconstruct  Erth           2%         3d4*      97%         5
 Metabolic Englaciation   Hex/Ice        2%         N/A       97%         5
 Death Channel            Necr           2%         N/A       100%        6
 Simulacrum               Ice/Necr       2%         N/A       100%        6
 Maxwell's Capacitive Co  Air            19%        ∞         100%        8


Dungeon Overview and Level Annotations

Branches:
Dungeon (8/15)             Temple (1/1) D:6
   Lair: D:8-11

Altars:
Ashenzari
Cheibriados
Dithmenos
Elyvilon
Fedhas
Gozag
Kikubaaqudgha
Makhleb
Nemelex Xobeh
Okawaru
Ru
Sif Muna
Vehumet
Wu Jian
Yredelemnul
Zin

Annotations:
D:5 1 runed translucent door


Innate Abilities, Weirdness & Mutations

You have a beak for a mouth.
You have claws for feet.
Your magical nature lets you fly swiftly and evasively.


Message History

Casting: Foxfire (safe; 1% risk of failure)
Confirm with . or Enter, or press ? or * to list all spells.
You feel a surge of power!
Flames lash the hornet.
The hornet is heavily wounded.
The hornet's fire resistance burns away.
The foxfire hits the hornet but does no damage.
The hornet is heavily wounded.
The foxfire hits the hornet.
The hornet is burned terribly!
The hornet is severely wounded.
Unknown command.
Casting: Scorch (safe; 1% risk of failure)
Confirm with . or Enter, or press ? or * to list all spells.
You feel a surge of power!
Flames lash the hornet.
The hornet is burned terribly!
The hornet is almost dead.
Your foxfire dissipates!
The hornet misses you.
A steam dragon comes into view.
The hornet closely misses you.
Casting: Scorch (safe; 1% risk of failure)
Confirm with . or Enter, or press ? or * to list all spells.
You feel a surge of power!
Flames lash the steam dragon.
The steam dragon hisses angrily.
The steam dragon is moderately wounded.
The steam dragon's fire resistance burns away.
The hornet stings you!
You are poisoned.
You suddenly lose the ability to move!
You feel very sick. The hornet stings you!
You are more poisoned.
You shrug off the repeated paralysis!
The steam dragon bites you.
The steam dragon claws you but does no damage.
The hornet stings you.
You feel yourself slow down.
You feel yourself speed up.
You feel very sick. The hornet stings you!
* * * LOW HITPOINT WARNING * * *
You feel yourself slow down. The steam dragon bites you!
You die...

...........#...#
#...........#####
#.....<..........
#...#...#..#### #.
#.........# #
#.......#####.#
.⌠#.#.#####.#.....#
_.....D.......#######
.⌠.....@.............
..#...y#....#.#######
#.##.#.##.#.# #
#.#.....)# #.####.###
#. #.# #. #.# #. #.#
#.#


You could see a hornet (combustible) and a steam dragon (combustible).

Vanquished Creatures
  The ghost of MacCMillion the Ruffian, a novice DrSh of Okawaru (D:4)
  Sigmund (D:3)
  2 steam dragons
  4 black bears
  An orc warrior (D:7)
  A sky beast (D:3)
  An ice beast (D:6)
  3 centaurs
  A phantom (D:5)
  A bullfrog (D:7)
  Blork the orc (D:4)
  8 scorpions
  A killer bee (D:5)
  2 hounds
  A jelly (D:6)
  2 orc priests
  Crazy Yiuf (D:2)
  3 sleepcaps
  Terence (D:3)
  An iguana (D:5)
  3 orc wizards
  A mummy (D:6)
  6 adders
  A worm (D:4)
  7 dart slugs
  18 orcs
  4 ball pythons
  5 endoplasms
  7 giant cockroaches
  5 goblins
  7 hobgoblins
  7 jackals
  4 quokkas
  6 bats
  2 frilled lizards
  A hobgoblin zombie (D:6)
  8 kobolds
  A kobold zombie (D:6)
  2 orc zombies (D:6)
  3 rats
  A butterfly (D:5)
136 creatures vanquished.

Vanquished Creatures (others)
  A goblin (D:4)
  413 foxfires
414 creatures vanquished.

Grand Total: 550 creatures vanquished

Notes
Turn   | Place    | Note
-------+----------+-------------------------------------------
     0 | D:1      | Lexodia the Tengu Fire Elementalist began the quest for the
                  | Orb.
     0 | D:1      | Reached XP level 1. HP: 10/10 MP: 4/4
   132 | D:1      | Reached XP level 2. HP: 15/15 MP: 4/6
   148 | D:1      | Learned a level 2 spell: Scorch
   607 | D:1      | Huge Dmg: 3 dmg
  1177 | D:2      | Reached XP level 3. HP: 15/19 MP: 2/7
  1183 | D:2      | Learned a level 3 spell: Volatile Blastmotes
  1265 | D:2      | Huge Dmg: 4 dmg
  1565 | D:2      | Found a runed translucent door.
  1566 | D:2      | Noticed Crazy Yiuf
  1926 | D:2      | Killed Crazy Yiuf
  1927 | D:2      | Reached skill level 1 in Staves
  1927 | D:2      | Reached XP level 4. HP: 24/24 MP: 1/8
  2261 | D:3      | Noticed a sky beast
  2269 | D:3      | Huge Dmg: 6 dmg
  2269 | D:3      | Killed a sky beast
  2270 | D:3      | Reached skill level 1 in Air Magic
  2270 | D:3      | Gained mutation: Your magical nature lets you fly swiftly
                  | and evasively. [Tengu growth]
  2270 | D:3      | Reached XP level 5. HP: 21/28 MP: 1/10
  2364 | D:3      | Huge Dmg: 8 dmg
  2377 | D:3      | Huge Dmg: 8 dmg
  2378 | D:3      | Huge Dmg: 5 dmg
  2409 | D:4      | Noticed a black bear
  2436 | D:3      | Noticed Sigmund
  2439 | D:3      | Huge Dmg: 5 dmg
  2521 | D:4      | HP: 1/28 [orc/+0 hand axe (7)]
  2522 | D:4      | Huge Dmg: 16 dmg
  2647 | D:4      | Noticed a steam dragon
  2654 | D:4      | Huge Dmg: 6 dmg
  2655 | D:4      | Killed a steam dragon
  2656 | D:4      | Reached skill level 5 in Conjurations
  2656 | D:4      | Reached XP level 6. HP: 26/32 MP: 1/11
  2722 | D:4      | Killed a black bear
  2802 | D:3      | Reached XP level 7. HP: 27/36 MP: 6/13
  2911 | D:3      | Noticed Terence
  2921 | D:3      | Killed Terence
  3031 | D:3      | Huge Dmg: 9 dmg
  3033 | D:3      | Huge Dmg: 7 dmg
  3035 | D:3      | Killed Sigmund
  3036 | D:3      | Reached skill level 5 in Fire Magic
  3036 | D:3      | Reached skill level 1 in Evocations
  3679 | D:4      | Learned a level 4 spell: Flame Wave
  3685 | D:4      | Noticed Blork the orc
  3693 | D:4      | Killed Blork the orc
  3791 | D:4      | Found a runed translucent door.
  3793 | D:4      | Noticed MacCMillion's ghost (novice DrSh)
  3909 | D:4      | Huge Dmg: 8 dmg
  3910 | D:4      | Huge Dmg: 7 dmg
  3911 | D:4      | Huge Dmg: 9 dmg
  3912 | D:4      | Reached XP level 8. HP: 10/41 MP: 9/15
  4348 | D:4      | Huge Dmg: 9 dmg
  4355 | D:4      | Huge Dmg: 19 dmg
  4358 | D:4      | Killed MacCMillion's ghost
  4359 | D:4      | Reached skill level 5 in Air Magic
  4482 | D:5      | Entered Level 5 of the Dungeon
  4819 | D:5      | Found a runed translucent door.
  4985 | D:5      | Found an ancient bone altar of Kikubaaqudgha.
  5016 | D:5      | Found a runed translucent door.
  5221 | D:6      | Reached XP level 9. HP: 45/45 MP: 6/16
  5296 | D:6      | Learned a level 4 spell: Airstrike
  5385 | D:6      | Huge Dmg: 8 dmg
  5796 | D:6      | Found a staircase to the Ecumenical Temple.
  5803 | Temple   | Entered the Ecumenical Temple
  5813 | Temple   | Became a worshipper of Vehumet
  6473 | D:7      | Huge Dmg: 8 dmg
  6702 | D:7      | Huge Dmg: 13 dmg
  6703 | D:7      | Huge Dmg: 10 dmg
  6704 | D:7      | Huge Dmg: 11 dmg
  6858 | D:5      | Huge Dmg: 10 dmg
  7166 | D:5      | Reached skill level 5 in Evocations
  7215 | D:5      | Reached * piety under Vehumet
  7215 | D:5      | Offered knowledge of Freeze by Vehumet.
  7589 | D:7      | Reached skill level 1 in Fighting
  7755 | D:8      | Found a sparkling altar of Nemelex Xobeh.
  7755 | D:8      | Noticed a hornet
  7761 | D:8      | Paralysed by a hornet for 3 turns
  7763 | D:8      | Slain by a steam dragon

Illustrated notes

Levels and vault maps discovered:
D:1:      dpeg_arrival_oval, layout_basic
D:2:      layout_rooms, uniq_crazy_yiuf_cottage
D:3:      layout_basic, uniq_sigmund, uniq_terence
D:4:      layout_cave_pools, gammafunk_ghost_grave, minmay_manual_mares,
          uniq_blork_the_orc
D:5:      lemuel_insect_pit, layout_rooms, general_overflow_altar,
          minmay_fractal_squares_gapless_5
D:6:      layout_basic, minmay_temple_entry_arrows, minmay_mini_ossuary
D:7:      layout_cave_pools
D:8:      layout_basic, mainiacjoe_overflow_tiny_flanked,
          overflow_temple_1_default, nemelex_xobeh_ov_fountains_minmay,
          nicolae_qazlal_general_emergency, grunt_ministairs_12
Temple:   nicolae_temple_two_arcs

Skill      XL: |  1  2  3  4  5  6  7  8  9 |
---------------+----------------------------+-----
Conjurations   | 2 3 4 5 6 7 8 |  8.2
Staves         | 1 2 |  2.0
Fire Magic     | 4 5 6 8 |  8.1
Air Magic      | 1 2 3 4 5 8 |  8.2
Spellcasting   | 3 4 |  4.1
Evocations     | 1 3 5 |  5.0
Fighting       | 1 |  1.0
Dodging        | |  2.1
Stealth        | |  2.0

Action                     |  1- 3 |  4- 6 |  7- 9 || total
---------------------------+-------+-------+-------++-------
  Melee: Unarmed           |     4 |       |       ||     4
         Kick              |     4 |     2 |     8 ||    14
         Peck              |     3 |     1 |     4 ||     8
         Club              |     7 |       |       ||     7
         Mace              |     5 |       |       ||     5
         Staff             |     2 |     1 |    18 ||    21
         Quarterstaff      |       |     8 |       ||     8
   Cast: Foxfire           |    57 |    29 |   156 ||   242
         Scorch            |     2 |    12 |    43 ||    57
         Volatile Blastmot |       |     2 |    14 ||    16
         Flame Wave        |       |       |     1 ||     1
         Airstrike         |       |       |     6 ||     6
    Use: Potion            |       |       |     1 ||     1
         Scroll            |       |       |     6 ||     6
   Stab: Sleeping          |     2 |       |       ||     2
 Armour: Robe              |     3 |     5 |     6 ||    14
  Dodge: Dodged            |    17 |    28 |    53 ||    98

Table legend: (Time is in decaauts)
 A = Elapsed time spent in this place.
 B = Non-inter-level travel time spent in this place.
 C = Inter-level travel time spent in this place.
 D = Time resting spent in this place.
 E = Time spent auto-exploring this place.
 F = Levels seen in this place.
 G = Mean time per level.
                   A        B        C        D        E       F      G
               +--------+--------+--------+--------+--------+-----+--------+
         Total |   7498 |   6961 |    537 |   1167 |   4815 |   9 |  833.1 |
       Dungeon |   7479 |   6958 |    521 |   1167 |   4815 |   8 |  934.9 |
        Temple |     18 |      2 |     16 |      0 |      0 |   1 |   18.0 |
               +--------+--------+--------+--------+--------+-----+--------+

Top non-repeatable levels by time:
     D:4: 1310 daAuts
     D:6: 1232 daAuts
     D:5: 1162 daAuts
     D:1: 1153 daAuts
     D:3: 1003 daAuts
     D:2: 964 daAuts
     D:7: 618 daAuts
     D:8: 32 daAuts
  Temple: 18 daAuts
